 Dungeon Crawl Stone Soup version 0.18.1-48-g4cf74bf (webtiles) character file.

17976 zilvtree the Covert (level 12, -5/103 HPs)
             Began as a Minotaur Chaos Knight on July 28, 2016.
             Slain by an eight-headed hydra (9 damage)
             ... on level 4 of the Lair of Beasts.
             The game lasted 01:20:42 (20338 turns).

zilvtree the Covert (Minotaur Chaos Knight)        Turns: 20338, Time: 01:20:43

Health: -5/103     AC: 10    Str: 24 (25) XL:     12   Next: 23%
Magic:  11/11      EV: 14    Int:  9      God:    Xom [......]
Gold:   397        SH:  0    Dex: 11 (12) Spells: 0 memorised, 11 levels left

rFire  . . .     SeeInvis .     g - +6 short sword (venom)
rCold  + . .     Gourm    .     C - +1 ring mail of the Evil One {Str+4}
rNeg   . . .     Faith    .     (no shield)
rPois  .         Spirit   .     (helmet restricted)
rElec  .         Dismiss  +     k - +2 cloak "Kakhlell" {rC+ rCorr Slay+5}
rCorr  +         Reflect  .     (no gloves)
SustAt .         Harm     .     (no boots)
MR     .....     Clarity  +     r - amulet of dismissal
Stlth  ++++...... Rnd*Tele +    d - ring of teleportation
                                o - +5 ring of dexterity

@: lethally poisoned (-5 -> -56), not resistant to hostile enchantments,
stealthy
A: retaliatory headbutt, hooves 1, horns 2, blurry vision 2, clarity, clumsy 1,
screaming 1, weak 1
a: Renounce Religion


You were on level 4 of the Lair of Beasts.
You worshipped Xom.
You were a very special plaything of Xom.
You were not hungry.

You visited 3 branches of the dungeon, and saw 13 of its levels.

You collected 558 gold pieces.
You spent 161 gold pieces at shops.

Inventory:

Hand Weapons
 a - a +0 short sword of chaos
 g - a +6 short sword of venom (weapon)
 y - a -1 short sword
Armour
 b - a +2 leather armour
 i - the +1 robe of Imperfection {rF- rC++ Int+2, unknown}
   (You found it on level 7 of the Dungeon)

   It affects your intelligence (+2).
   It makes you vulnerable to fire.
   It greatly protects you from cold.
 k - the +2 cloak "Kakhlell" (worn) {rC+ rCorr Slay+5}
   (You bought it in a shop on level 7 of the Dungeon)

   It affects your accuracy and damage with ranged weapons and melee attacks
   (+5).
   It protects you from cold.
   It protects you from acid and corrosion.
 v - a +2 chain mail of cold resistance
 C - the +1 ring mail of the Evil One (worn) {Str+4}
   (You found it on level 3 of the Lair of Beasts)

   It affects your strength (+4).
 J - the +1 ring mail of Loss {rC+, unknown}
   (You found it on level 4 of the Lair of Beasts)

   It protects you from cold.
Jewellery
 d - a ring of teleportation (right hand)
 l - an uncursed amulet of rage
 o - a +5 ring of dexterity (left hand)
 r - an amulet of dismissal (around neck)
 A - a +2 ring of slaying {unknown}
Wands
 f - a wand of disintegration (10/24)
 q - a wand of digging (11/24)
 x - a wand of heal wounds (0/9)
 z - a wand of digging (13/24)
 I - a wand of random effects (42/48)
Scrolls
 e - 3 scrolls of identify
 n - 2 scrolls of fog
 s - a scroll of teleportation
 D - a scroll of magic mapping {unknown}
 E - 2 scrolls of immolation
 F - 3 scrolls of amnesia
 G - a scroll of recharging {unknown}
Potions
 c - a potion of beneficial mutation
 h - 7 potions of flight
 j - 2 potions of curing
 p - a potion of berserk rage
 t - 4 potions of agility
Comestibles
 m - 2 bread rations
 u - 2 beef jerkies
 w - a slice of pizza


   Skills:
 - Level 8.7 Fighting
 - Level 8.5 Short Blades
 - Level 6.6 Armour
 - Level 8.4 Dodging
 + Level 13.5 Stealth
 + Level 1.2 Evocations


You had 11 spell levels left.
You didn't know any spells.

Dungeon Overview and Level Annotations

Branches:
Dungeon (8/15)             Temple (1/1) D:7            Lair (4/8) D:8
 Spider (0/4) Lair:3
  Swamp: Lair:3-6    Shoals: Lair:3-6

Altars:
Ashenzari
Cheibriados
Dithmenos
Elyvilon
Fedhas
Gozag
Kikubaaqudgha
Makhleb
Nemelex Xobeh
Okawaru
Qazlal
Ru
Sif Muna
Trog
Vehumet
Xom
Yredelemnul
Zin
The Shining One

Shops:
D:7 :*[


Innate Abilities, Weirdness & Mutations

You reflexively headbutt those who attack you in melee.
You have a pair of horns on your head.
You have large cloven feet.
Scrolls take you longer to read.
You possess an exceptional clarity of mind.
You are clumsy. (Dex -2)
You occasionally shout uncontrollably at your foes.
You are weak. (Str -2)


Message History

The eight-headed hydra bites you but does no damage.
The eight-headed hydra closely misses you.
The eight-headed hydra bites you! The eight-headed hydra bites you. x2
The black mamba bites you!
* * * LOW HITPOINT WARNING * * *
You are lethally poisoned!
The black mamba poisons you!
Zapping:
x - a wand of heal wounds {zapped: 2} (will waste charges)
Press: ? - help, Shift-Dir - straight line, f - you Nothing appears to happen.
* * * LOW HITPOINT WARNING * * *
You feel very sick. The black mamba bites you!
* * * LOW HITPOINT WARNING * * *
You are more poisoned.
The black mamba poisons you!
The eight-headed hydra bites you but does no damage.
The eight-headed hydra bites you!
You die...
Xom howls with laughter!

##.................####.........#
#P..................#......##..##
##.....................#######...
#......÷.............## ###.
#...................# #.#
#...................# ####
#...................#### ##.#
##..............S.####.######..##
#.............D@†###P..........#
#..................#............
#..............P..#.............
............#...#.............
#.##..####.###.#..............
### ### #................
#..#..............
.....#..............
............#..#..............


You could see an eight-headed hydra and a black mamba.

Vanquished Creatures
  A hydra (Lair:2)
  A griffon (Lair:4)
  A black mamba (Lair:2)
  3 spiny frogs
  3 komodo dragons
  A rime drake (Lair:4)
  12 blink frogs
  Prince Ribbit (D:6)
  The ghost of Ferkelamun the Charmwright, an amateur MfSk (D:6)
  Sigmund (Lair:1)
  3 basilisks
  14 yaks
  5 humans
  A steam dragon (D:7)
  3 hippogriffs
  13 water moccasins
  11 porcupines
  2 ice beasts
  An orc warrior (D:6)
  A sky beast (D:7)
  A black bear (Lair:2)
  5 hounds
  2 wasps
  A phantom (D:4)
  4 centaurs
  An ogre (D:3)
  4 crocodiles
  Blork the orc (D:4)
  9 giant frogs
  2 scorpions
  3 killer bees (D:8)
  9 wights
  4 howler monkeys
  3 crimson imps
  3 giant frog skeletons
  6 jellies
  3 orc priests
  2 centaur skeletons
  Ijyb (Lair:1)
  11 orc wizards
  8 iguanas
  5 worker ants
  22 sheep
  4 gnolls
  49 river rats
  13 adders
  2 oozes
  2 adder skeletons
  A worm (Lair:3)
  3 dart slugs
  2 giant geckos
  30 orcs
  6 giant cockroaches
  2 goblins (D:3)
  A hobgoblin (D:1)
  5 jackals
  3 kobolds
  5 quokkas
  A ball python (D:2)
  5 bats
  2 giant gecko zombies (D:6)
  2 giant newts
  A jackal zombie (D:5)
  A quokka skeleton (D:7)
  4 rats
  15 bushes
  3 fungi (Lair:1)
  3 plants (Lair:1)
354 creatures vanquished.

Vanquished Creatures (collateral kills)
  Pikel (D:4)
  A jelly (D:8)
  A worker ant (D:8)
3 creatures vanquished.

Vanquished Creatures (others)
  A slave (D:4)
  An ice beast (D:6)
  2 hounds (D:4)
  An orc wizard (D:4)
  A sheep (Lair:2)
  An adder (D:4)
  5 orcs
  A goblin (D:4)
  A hobgoblin (D:4)
  A kobold (D:4)
  11 fungi
  2 plants (Lair:3)
28 creatures vanquished.

Grand Total: 385 creatures vanquished

Notes
Turn   | Place    | Note
--------------------------------------------------------------
     0 | D:1      | zilvtree the Minotaur Chaos Knight began the quest for the Orb.
     0 | D:1      | Reached XP level 1. HP: 19/19 MP: 0/0
   318 | D:2      | Reached XP level 2. HP: 27/27 MP: 1/1
   352 | D:2      | Found an opulent altar of Gozag.
   355 | D:2      | Found a basalt altar of Yredelemnul.
   356 | D:2      | Found a blossoming altar of Fedhas.
   453 | D:2      | You fall through a shaft!
   516 | D:3      | Noticed an ogre
   526 | D:3      | Killed an ogre
   526 | D:3      | Reached XP level 3. HP: 35/35 MP: 2/2
   526 | D:3      | Reached XP level 4. HP: 41/41 MP: 3/3
   610 | D:3      | XOM: harmless Air miscast
   696 | D:3      | XOM: mild Chrm miscast
   806 | D:3      | XOM: divination: detect creatures
   976 | D:3      | XOM: harmless Trmt miscast
  1212 | D:3      | XOM: divination: magic mapping
  1263 | D:3      | XOM: colour smoke trail
  1396 | D:3      | Reached skill level 5 in Fighting
  1430 | D:3      | Reached XP level 5. HP: 48/48 MP: 4/4
  1760 | D:4      | XOM: silly message
  2105 | D:4      | XOM is BORED!
  2105 | D:4      | XOM: mild Erth miscast
  2156 | D:4      | Noticed Pikel
  2156 | D:4      | Noticed a slave
  2166 | D:4      | Noticed a slave
  2168 | D:4      | XOM: summons friendly ufetubus
  2170 | D:4      | Noticed a slave
  2170 | D:4      | HP: 2/50 [Pikel/whip of flaming (7)]
  2171 | D:4      | Killed Pikel
  2171 | D:4      | Reached skill level 5 in Short Blades
  2171 | D:4      | Reached skill level 1 in Stealth
  2171 | D:4      | Reached XP level 6. HP: 1/58 MP: 5/5
  2171 | D:4      | Reached XP level 7. HP: 1/64 MP: 6/6
  2336 | D:4      | XOM: mild Necr miscast
  3055 | D:3      | XOM: harmless Summ miscast
  3060 | D:3      | XOM: colour smoke trail
  3322 | D:3      | Found a burning altar of Makhleb.
  3431 | D:4      | Noticed Blork the orc
  3456 | D:4      | Killed Blork the orc
  3467 | D:4      | Reached skill level 5 in Dodging
  3467 | D:4      | Reached XP level 8. HP: 52/71 MP: 7/7
  3700 | D:4      | XOM: colour smoke trail
  3904 | D:4      | Found a snail-covered altar of Cheibriados.
  3983 | D:4      | XOM: divination: magic mapping
  4084 | D:4      | XOM: vitrification
  4196 | D:4      | You fall through a shaft for 2 floors!
  4211 | D:6      | Noticed Ferkelamun's ghost (amateur MfSk)
  4237 | D:6      | XOM: enchant monster (good)
  4258 | D:6      | XOM: scenery: 1 doors open
  4285 | D:6      | XOM: enchant monster (good)
  4290 | D:6      | Reached skill level 5 in Armour
  4310 | D:5      | Entered Level 5 of the Dungeon
  4320 | D:5      | XOM: medium Trmt miscast
  4344 | D:5      | XOM: silly message
  4498 | D:5      | XOM: colour smoke trail
  4617 | D:6      | Found a glowing golden altar of the Shining One.
  4617 | D:6      | XOM: 1-stop teleportation journey
  4662 | D:6      | XOM: fog
  4672 | D:6      | XOM: enchant monster (good)
  4973 | D:6      | Killed Ferkelamun's ghost
  4973 | D:6      | Reached skill level 2 in Stealth
  5135 | D:6      | XOM: god gift: 34 gold pieces
  5394 | D:6      | XOM: 1-stop teleportation journey
  5606 | D:6      | Noticed Prince Ribbit
  5788 | D:6      | XOM: medium Pois miscast
  5911 | D:6      | Killed Prince Ribbit
  5911 | D:6      | Reached XP level 9. HP: 51/81 MP: 8/8
  6389 | D:6      | XOM: harmless Pois miscast
  6486 | D:6      | XOM: colour smoke trail
  6753 | D:5      | XOM: summons friendly white imp
  6796 | D:5      | Got an encrusted whip
  7184 | D:5      | XOM: scenery: 1 doors close
  7227 | D:5      | Reached skill level 3 in Stealth
  7454 | D:5      | XOM: scenery: 1 doors close
  8001 | D:4      | XOM: harmless Divn miscast
  8514 | D:7      | Found Qaeleak's Assorted Antiques.
  8632 | D:7      | Found Nyuleiv's Antique Armour Emporium.
  8641 | D:7      | Got a heavy robe
  8643 | D:7      | Bought an ichor-stained cloak for 161 gold pieces
  8648 | D:7      | Identified the +2 cloak "Kakhlell" {rC+ rCorr Slay+5} (You bought it in a shop on level 7 of the Dungeon)
  8674 | D:7      | XOM: 2-stop teleportation journey
  8752 | D:7      | Found Tutyom's Book Shop.
  8843 | D:7      | XOM is BORED!
  8843 | D:7      | XOM: draining
  9488 | D:7      | XOM: mild Trmt miscast
  9787 | D:7      | Found a staircase to the Ecumenical Temple.
  9797 | Temple   | Entered the Ecumenical Temple
 10142 | D:8      | XOM: cast spell 'Discord'
 10148 | D:8      | Reached skill level 4 in Stealth
 10156 | D:8      | Found an iron altar of Okawaru.
 10279 | D:8      | Reached XP level 10. HP: 87/90 MP: 9/9
 10287 | D:8      | XOM: enchant monster (good)
 10370 | D:8      | XOM: swap monsters
 10386 | D:8      | Found a staircase to the Lair.
 10386 | D:8      | XOM: harmless Summ miscast
 10402 | D:8      | Reached skill level 5 in Stealth
 10403 | D:8      | XOM: fog
 10416 | D:8      | XOM: god gift: encrusted mace {god gift}
 10480 | Lair:1   | Entered Level 1 of the Lair of Beasts
 10480 | Lair:1   | XOM: polymorph crocodile -> water moccasin
 10497 | Lair:1   | Reached skill level 6 in Stealth
 10670 | Lair:1   | XOM: harmless Conj miscast
 10748 | Lair:1   | Reached skill level 7 in Stealth
 10759 | Lair:1   | XOM: summons 7 friendly demons
 10908 | Lair:1   | Reached skill level 8 in Stealth
 11019 | Lair:1   | XOM: medium Erth miscast
 11045 | Lair:1   | XOM: harmless Tloc miscast
 11256 | Lair:1   | XOM: 3-stop teleportation journey
 11259 | Lair:1   | Noticed a spiny frog
 11259 | Lair:1   | a basilisk changed into a spiny frog
 11259 | Lair:1   | XOM: polymorph basilisk -> spiny frog
 11273 | Lair:1   | XOM: 1-stop teleportation journey
 11274 | Lair:1   | Noticed Sigmund
 11278 | Lair:1   | XOM: fog
 11282 | Lair:1   | XOM: 6-stop teleportation journey
 11453 | Lair:1   | XOM: noise
 11609 | Lair:1   | XOM: enchant monster (bad)
 11618 | Lair:1   | Reached skill level 9 in Stealth
 12053 | Lair:1   | Killed a spiny frog
 12053 | Lair:1   | Reached XP level 11. HP: 83/95 MP: 10/10
 12079 | Lair:1   | XOM: harmless Erth miscast
 12208 | Lair:1   | XOM: 6-stop teleportation journey
 12209 | Lair:1   | XOM: polymorph spiny frog -> komodo dragon
 12231 | Lair:1   | XOM: give mutations
 12231 | Lair:1   | Gained mutation: You are clumsy. (Dex -2) [Xom's mischief]
 12231 | Lair:1   | Gained mutation: You have large cloven feet. [Xom's mischief]
 12231 | Lair:1   | Gained mutation: You are frail (-10% HP). [Xom's mischief]
 12232 | Lair:1   | XOM: confusion (+ monsters)
 12245 | Lair:1   | Killed Sigmund
 12367 | Lair:1   | Reached skill level 10 in Stealth
 12461 | Lair:1   | XOM: harmless Erth miscast
 12634 | Lair:1   | Noticed Ijyb
 12639 | Lair:1   | Killed Ijyb
 12888 | Lair:1   | XOM: give mutations
 12888 | Lair:1   | Gained mutation: You are very clumsy. (Dex -4) [Xom's mischief]
 12888 | Lair:1   | Gained mutation: Scrolls take you a little longer to read. [Xom's mischief]
 12888 | Lair:1   | Gained mutation: Your natural rate of healing is unusually fast. [Xom's mischief]
 13590 | Lair:2   | XOM: give mutations
 13590 | Lair:2   | Gained mutation: You expend magic power (3 MP) to strengthen your wands. [Xom's mischief]
 13590 | Lair:2   | Lost mutation: Your natural rate of healing is unusually fast. [Xom's mischief]
 13863 | Lair:2   | XOM: summons 3 hostile shadow creatures
 13894 | Lair:2   | XOM: summons 3 hostile shadow creatures
 13910 | Lair:4   | XOM: harmless Tloc miscast
 14246 | Lair:4   | XOM: draining
 14311 | Lair:4   | XOM: 1-stop teleportation journey
 14385 | Lair:4   | XOM: torment (44/85 hp)
 14473 | Lair:4   | XOM: mild Air miscast
 14642 | Lair:4   | Reached skill level 11 in Stealth
 14657 | Lair:4   | XOM: torment (42/85 hp)
 14664 | Lair:4   | HP: 2/85 [komodo dragon (26)]
 14673 | Lair:4   | XOM: mild Air miscast
 14709 | Lair:4   | HP: 3/85 [giant frog (2)]
 14717 | Lair:3   | XOM: confusion
 14720 | Lair:3   | XOM: enchant monster (bad)
 14814 | Lair:3   | XOM: 2-stop teleportation journey
 15517 | Lair:3   | XOM: smoke on damage
 15525 | Lair:3   | Found a hole to the Spider Nest.
 15582 | Lair:3   | XOM: summons 2 hostile demons
 15615 | Lair:3   | Got a heavily runed ring mail
 15622 | Lair:3   | Identified the +1 ring mail of the Evil One {Str+4} (You found it on level 3 of the Lair of Beasts)
 15838 | Lair:3   | XOM: noise
 15910 | Lair:3   | XOM: confusion
 15913 | Lair:3   | XOM: enchant monster (bad)
 15987 | Lair:3   | XOM: harmless Trmt miscast
 16917 | Lair:2   | Reached skill level 12 in Stealth
 16988 | Lair:2   | XOM: 1-stop teleportation journey
 17031 | Lair:2   | Noticed a lindwurm
 17232 | Lair:2   | XOM: give mutations
 17232 | Lair:2   | Gained mutation: Your spells are a little harder to cast, but a little more powerful. [Xom's mischief]
 17232 | Lair:2   | Gained mutation: Scrolls take you longer to read. [Xom's mischief]
 17538 | Lair:2   | XOM: torment (42/85 hp)
 17564 | Lair:2   | XOM: torment (25/85 hp)
 17656 | Lair:2   | XOM: give mutations
 17656 | Lair:2   | Gained mutation: You are weak. (Str -2) [Xom's mischief]
 17656 | Lair:2   | Lost mutation: You expend magic power (3 MP) to strengthen your wands. [Xom's mischief]
 17837 | Lair:2   | XOM: give mutations
 17837 | Lair:2   | Lost mutation: You are very clumsy. (Dex -4) [Xom's mischief]
 17837 | Lair:2   | Gained mutation: You occasionally shout uncontrollably at your foes. [Xom's mischief]
 17837 | Lair:2   | Lost mutation: You are frail (-10% HP). [Xom's mischief]
 17837 | Lair:2   | Lost mutation: Your spells are a little harder to cast, but a little more powerful. [Xom's mischief]
 18201 | Lair:2   | Reached skill level 1 in Evocations
 18210 | Lair:2   | XOM: summons 4 hostile shadow creatures
 18672 | Lair:2   | Noticed a five-headed hydra
 18679 | Lair:2   | XOM: noise
 18682 | Lair:2   | Killed a five-headed hydra
 18846 | Lair:2   | XOM: medium Air miscast
 18979 | Lair:2   | Reached XP level 12. HP: 93/103 MP: 11/11
 19210 | Lair:4   | Reached skill level 13 in Stealth
 19281 | Lair:4   | XOM: enchant monster (bad)
 19302 | Lair:4   | XOM: silly message
 19326 | Lair:4   | Got a pitted ring mail
 19342 | Lair:4   | XOM: harmless Pois miscast
 19479 | Lair:4   | Noticed an eight-headed hydra
 19575 | Lair:4   | Gained mutation: You possess an exceptional clarity of mind. [potion of beneficial mutation]
 19699 | Lair:4   | XOM: vitrification
 19721 | Lair:4   | XOM: smoke on damage
 19721 | Lair:4   | XOM: torment (35/103 hp)
 19930 | Lair:4   | XOM: god gift: potion of curing
 20027 | Lair:4   | XOM: stat loss: -1 Str (24/25)
 20138 | Lair:4   | XOM: chaos cloud
 20332 | Lair:4   | XOM: mild Trmt miscast
 20337 | Lair:4   | XOM: stat loss: -1 Dex (11/12)
 20338 | Lair:4   | HP: 4/103 [black mamba (14)]
 20338 | Lair:4   | Slain by an eight-headed hydra

Skill      XL: |  1  2  3  4  5  6  7  8  9 10 11 12 |
---------------+-------------------------------------+-----
Fighting       | 4 5 6 7 8 |  8.7
Short Blades   | 4 5 6 7 8 |  8.5
Armour         | 3 4 5 6 |  6.6
Dodging        | 3 5 7 8 |  8.4
Stealth        | 1 2 4 9 12 13 | 13.5
Evocations     | 1 |  1.2

Action                   |  1- 3 |  4- 6 |  7- 9 | 10-12 || total
-------------------------+-------+-------+-------+-------++-------
Melee: Short sword       |    23 |    94 |   664 |   602 ||  1383
       Headbutt          |     2 |    17 |   224 |   148 ||   391
       Kick              |       |       |       |   147 ||   147
Evoke: Wand              |       |       |       |     1 ||     1
  Use: Scroll            |     1 |     5 |    13 |    14 ||    33
       Potion            |       |     1 |     3 |    12 ||    16
 Stab: Sleeping          |     1 |       |       |     2 ||     3
       Petrifying        |       |       |     1 |       ||     1
       Petrified         |       |       |     1 |       ||     1
       Invisible         |       |       |       |     1 ||     1
  Eat: Bread ration      |       |     1 |     2 |     3 ||     6
       Chunk             |       |       |     9 |       ||     9
       Pizza             |       |       |     1 |     6 ||     7
       Meat ration       |       |       |     1 |     1 ||     2
       Beef jerky        |       |       |       |     4 ||     4
Armor: Leather armour    |     7 |    32 |    53 |       ||    92
       Chain mail        |       |       |    44 |   206 ||   250
       Ring mail         |       |       |       |    55 ||    55
Dodge: Dodged            |    12 |    61 |   185 |   355 ||   613
